Map: 월드 오브 슬리퍼스 - 래더

Players

Patience

  • Race: Protoss Protoss
  • Spawn Location: 7:00

Solar - Winner!

  • Race: Zerg Zerg
  • Spawn Location: 1:00

Event: IEM Katowice 2020

VOD

Have the link to the VOD?

Description

Time

  • Played on: Feb. 28, 2020, 9:20 a.m.
  • Length: 12:50

All games in this series

Show
View Real Time Build Order
Export as new Build Order

Patience Protoss 

Build Orders:  

Get SALT Encoding   

  12  0:02  Probe  
  14  0:14  Probe  
  14  0:18  Pylon  
  14  0:26  Probe (Chrono Boost)  
  15  0:38  Probe (Chrono Boost), Gateway  
  16  0:43  Probe (Chrono Boost)  
  16  0:48  Assimilator  
  17  0:52  Probe  
  18  1:02  Forge  
  18  1:06  Probe  
  19  1:15  Pylon  
  19  1:18  Probe  
  20  1:30  Cybernetics Core  
  21  1:32  Probe  
  21  1:43  Photon Cannon  
  21  1:49  Pylon  
  21  2:09  Robotics Facility  
  21  2:12  Photon Cannon  
  21  2:13  Assimilator  
  21  2:27  Shield Battery  
  21  2:32  Photon Cannon  
  21  2:43  Pylon  
  21  2:48  Shield Battery  
  21  2:56  Observer (Chrono Boost)  
  21  2:57  Shield Battery  
  22  3:04  Photon Cannon  
  22  3:10  Immortal (Chrono Boost)  
  26  3:23  Photon Cannon  
  26  3:27  Photon Cannon  
  26  3:32  Shield Battery  
  26  3:41  Shield Battery  
  26  3:42  Immortal (Chrono Boost)  
  30  3:50  Photon Cannon  
  30  4:04  Photon Cannon  
  30  4:14  Pylon  
  30  4:15  Sentry  
  32  4:17  Observer  
  32  4:26  Warp Prism (Chrono Boost)  
  34  4:34  Shield Battery  
  33  4:46  Shield Battery  
  33  4:48  Shield Battery  
  33  4:56  Shield Battery  
  33  4:57  Shield Battery  
  33  4:59  Observer  
  34  5:10  Pylon  
  34  5:18  Immortal (Chrono Boost)  
  38  5:34  Photon Cannon  
  38  5:41  Probe  
  39  5:43  Assimilator  
  39  6:01  Immortal  
  43  6:06  Photon Cannon  
  43  6:15  Shield Battery  
  43  6:40  Shield Battery  
  43  6:41  Shield Battery  
  47  6:48  Gateway  
  47  6:49  Pylon  
  43  6:57  Immortal (Chrono Boost)  
  47  7:03  Warp Gate  
  47  7:16  Observer  
  47  7:20  Sentry  
  49  7:24  Shield Battery  
  49  7:26  Photon Cannon  
  49  7:40  Probe  
  50  8:08  Nexus  
  44  8:48  Observer  
  44  8:51  Stalker x2  
  48  9:01  Probe  
  48  9:13  Probe  
  48  9:16  Robotics Bay  
  49  9:20  Probe  
  49  9:25  Probe  
  49  9:28  Phoenix  
  50  9:33  Probe  
  50  9:37  Probe  
  52  9:45  Probe (Chrono Boost)  
  53  9:49  Probe (Chrono Boost)  
  54  9:57  Probe (Chrono Boost)  
  56  10:00  Disruptor (Chrono Boost)  
  56  10:02  Probe (Chrono Boost)  
  56  10:05  Probe (Chrono Boost)  
  60  10:07  Probe (Chrono Boost)  
  60  10:11  Probe  
  62  10:16  Probe  
  62  10:20  Pylon  
  63  10:23  Probe  
  63  10:25  Sentry x2  
  63  10:28  Probe  
  69  10:33  Observer (Chrono Boost)  
  69  10:35  Probe  
  70  10:40  Probe  
  71  10:49  Stalker x2  
  74  10:53  Probe  
  74  10:56  Probe  
  74  11:05  Probe  
  74  11:13  Stalker x2  
  74  11:17  Photon Cannon  
  78  11:20  Assimilator  
  78  11:30  Pylon, Observer  
  78  11:31  Pylon  
  74  11:54  Disruptor (Chrono Boost)  
  74  11:59  Stalker x2  
  79  12:24  Stalker x2  
Show
View Real Time Build Order
Export as new Build Order

Solar Zerg - Winner!

Build Orders: Hatch First 

Get SALT Encoding   

  12  0:01  Drone  
  13  0:12  Overlord  
  13  0:17  Drone  
  14  0:30  Drone x2  
  16  0:47  Hatchery  
  15  0:51  Drone  
  15  0:54  Drone  
  17  0:57  Drone  
  18  1:08  Extractor  
  17  1:13  Spawning Pool  
  17  1:15  Drone  
  17  1:18  Drone  
  18  1:29  Drone  
  19  1:38  Drone  
  20  2:00  Queen x2  
  24  2:01  Zergling x4  
  24  2:02  Zergling x2  
  27  2:12  Overlord  
  27  2:17  Drone  
  28  2:27  Metabolic Boost  
  28  2:34  Drone x3  
  28  2:35  Drone  
  32  2:42  Overlord  
  32  2:47  Queen  
  34  2:55  Queen  
  36  3:01  Drone x2  
  36  3:10  Drone  
  36  3:11  Drone  
  38  3:13  Zergling x2  
  38  3:15  Zergling x2  
  38  3:18  Zergling x2  
  38  3:19  Zergling x2  
  42  3:22  Zergling x2  
  42  3:26  Overlord  
  43  3:28  Drone  
  44  3:43  Overlord  
  44  3:44  Queen x2  
  44  3:46  Drone  
  44  3:47  Drone  
  50  3:52  Drone  
  51  4:02  Hatchery  
  51  4:06  Baneling Nest  
  51  4:07  Zergling x10  
  51  4:09  Drone  
  54  4:10  Drone  
  54  4:12  Drone  
  57  4:17  Spore Crawler  
  57  4:20  Queen  
  58  4:24  Lair  
  58  4:26  Extractor, Drone  
  58  4:28  Drone  
  58  4:31  Drone  
  60  4:34  Overlord  
  60  4:40  Overlord  
  60  4:43  Overlord  
  59  4:53  Zergling x8  
  59  4:54  Zergling x2  
  59  4:55  Queen  
  59  4:58  Zergling x6  
  67  5:06  Zergling x4  
  66  5:13  Zergling x4  
  63  5:22  Queen  
  63  5:23  Zergling x6  
  63  5:27  Hydralisk Den  
  65  5:29  Zergling x6  
  65  5:31  Queen  
  65  5:32  Zergling x2  
  70  5:39  Queen  
  70  5:41  Overlord  
  71  5:44  Zergling x2  
  71  5:45  Zergling x2  
  71  5:52  Overlord  
  71  5:57  Queen, Hydralisk  
  71  6:00  Hydralisk  
  76  6:04  Hydralisk  
  76  6:10  Hydralisk x2  
  81  6:12  Zergling x2  
  81  6:14  Hydralisk  
  84  6:22  Hydralisk  
  82  6:25  Hydralisk  
  82  6:29  Zergling x2  
  82  6:32  Hydralisk  
  82  6:35  Zergling x2  
  78  6:40  Zergling x2  
  75  6:47  Hydralisk  
  75  6:48  Zergling x4  
  74  6:54  Zergling x2  
  74  6:55  Zergling x2  
  74  7:01  Zergling x8  
  69  7:18  Zergling x4  
  67  7:23  Zergling x2  
  67  7:24  Zergling x2  
  67  7:26  Hatchery  
  67  7:29  Extractor  
  65  7:37  Lair  
  67  7:38  Zergling x2  
  66  7:49  Zergling x8  
  66  7:51  Extractor  
  68  7:56  Zergling x6  
  71  8:03  Drone  
  72  8:06  Drone  
  73  8:16  Drone  
  73  8:18  Drone  
  73  8:19  Drone  
  74  8:37  Overseer  
  74  8:40  Spire  
  73  8:45  Spawning Pool  
  70  8:58  Drone  
  70  8:59  Drone  
  70  9:00  Drone  
  70  9:01  Drone x2  
  74  9:09  Drone  
  72  9:10  Extractor  
  72  9:14  Overlord  
  71  9:22  Drone  
  72  9:31  Overseer  
  72  9:35  Queen  
  76  9:40  Zergling x8  
  80  9:47  Drone  
  81  9:53  Mutalisk x4  
  89  10:03  Mutalisk  
  90  10:07  Drone x2  
  90  10:11  Hatchery, Queen  
  89  10:17  Zergling x8  
  91  10:26  Drone x3  
  91  10:27  Hydralisk Den  
  93  10:29  Drone  
  93  10:31  Drone  
  93  10:33  Drone  
  96  10:40  Drone  
  97  10:43  Mutalisk x2  
  97  10:47  Overlord  
  97  10:48  Overlord  
  99  10:54  Extractor, Mutalisk  
  100  10:57  Extractor  
  100  11:00  Drone x2  
  100  11:01  Zergling x4  
  103  11:05  Mutalisk  
  103  11:07  Zergling x2  
  103  11:10  Overlord  
  104  11:11  Drone  
  105  11:20  Mutalisk  
  105  11:22  Zergling x2  
  105  11:23  Drone  
  111  11:26  Zergling x2  
  112  11:36  Grooved Spines, Baneling Nest  
  112  11:37  Zergling x6  
  114  11:41  Hydralisk  
  114  11:42  Zergling x6  
  117  11:48  Hydralisk x2  
  121  11:54  Overlord x2  
  121  11:56  Hydralisk  
  121  11:57  Zergling x6  
  126  12:05  Zergling x2  
  126  12:08  Hydralisk  
  127  12:09  Zergling x6  
  127  12:13  Hydralisk  
  127  12:14  Zergling x2  
  133  12:20  Zergling x2  
  133  12:22  Baneling x5  
  134  12:24  Zergling x4  
  134  12:29  Zergling x2  

Tags
 
Add a new tag
Caveats
  • Supply blocks, unpowered buildings, or Contaminate may cause inaccurate times.
  • Supply counts are checked every 10 seconds.